 Dungeon Crawl Stone Soup version 0.30-a0-756-gc2185399d4 (webtiles) character file.

Game seed: 554088471457790106

101 zero the Magician (level 4, -2/24 HPs)
             Began as a Gargoyle Earth Elementalist on Feb 9, 2023.
             Slain by a gnoll
             ... wielding a +0 whip
              (3 damage)
             ... on level 3 of the Dungeon.
             The game lasted 00:01:20 (1838 turns).

zero the Magician (Gargoyle Earth Elementalist)     Turns: 1838, Time: 00:01:21

Health: -2/24      AC:  6    Str: 11    XL:     4   Next: 75%
Magic:  8/10       EV: 11    Int: 18    God:
Gold:   123        SH:  0    Dex: 10    Spells: 7/11 levels left

rFire   . . .      SeeInvis .    h - +0 mace
rCold   . . .      Faith    .    (no shield)
rNeg    + . .      Spirit   .    a - +0 robe
rPois   ∞          Reflect  .    (no helmet)
rElec   +          Harm     .    (no cloak)
rCorr   .          Rampage  .    q - +0 pair of gloves
Will    .....                    (no boots)
Stlth   ++                       (no amulet)
HPRegen 0.24/turn                (no ring)
MPRegen 0.12/turn                (no ring)

@: no status effects
A: sickness immunity, AC +3, negative energy resistance 1, electricity
resistance, torment resistance 1, petrification resistance
a: no special abilities


You were on level 3 of the Dungeon.
You visited 1 branch of the dungeon, and saw 3 of its levels.

You collected 123 gold pieces.

Inventory:

Hand Weapons
 h - a +0 mace (weapon)
Armour
 a - a +0 robe (worn)
 q - a +0 pair of gloves (worn)
Jewellery
 d - a +4 ring of protection
Scrolls
 f - a scroll of blinking {unknown}
 i - 3 scrolls of immolation {unknown}
 j - a scroll of identify {unknown}
 k - a scroll of teleportation {unknown}
 n - a scroll of silence {unknown}
 p - a scroll of magic mapping {unknown}
Potions
 b - a potion of magic
 c - a potion of heal wounds {unknown}
 e - 4 potions of curing {unknown}
 g - a potion of degeneration {unknown}
 l - 2 potions of experience {unknown}
 m - a potion of flight {unknown}
 o - a potion of mutation {unknown}
 r - a potion of berserk rage {unknown}


   Skills:
 - Level 1.5 Dodging
 - Level 2.1 Stealth
 + Level 4.4 Spellcasting
 - Level 0.7 Transmutations
 - Level 3.6 Earth Magic


You had 7 spell levels left.
You knew the following spells:

 Your Spells              Type           Power      Damage    Failure   Level
a - Sandblast             Erth           34%        2d9       3%          1
b - Stone Arrow           Conj/Erth      20%        3d8       21%         3

Your spell library contained the following spells:

 Spells                   Type           Power      Damage    Failure   Level
 Passwall                 Tmut/Erth      9%         N/A       9%          2
 Wereblood                Tmut           6%         N/A       16%         2
 Petrify                  Tmut/Erth      11%        N/A       50%         4
 Summon Hydra             Summ           2%         N/A       100%        7
 Sublimation of Blood     Necr           Unusable   N/A       N/A         2

Dungeon Overview and Level Annotations

Branches:
Dungeon (3/15)

Altars:


Innate Abilities, Weirdness & Mutations

You are immune to sickness and miasma.
Your stone body is resilient. (AC +3)
You are immune to poison.
You resist negative energy. (rN+)
You are resistant to electric shocks. (rElec)
You are resistant to unholy torment.
You are immune to petrification.


Message History

The blast of sand hits the goblin!
You kill the goblin!
A goblin comes into view. It is wielding a +0 club.
You miscast Sandblast.
You are very lightly contaminated with residual magic.
Nothing appears to happen.
The goblin shouts!
A goblin comes into view.
It is wielding a +0 dagger of protection.
The blast of sand hits the goblin!
You kill the goblin!
A goblin comes into view. It is wielding a +0 dagger.
The goblin hits you but does no damage.
Your magical contamination has completely faded away.
The goblin hits you but does no damage.
The goblin shouts!
The gnoll shouts!
The goblin attacks as you move away! The goblin hits you with a +0 club.
The goblin attacks as you move away! The goblin completely misses you.
The gnoll shouts!
The goblin unwields a +0 dagger.
The goblin wields a +0 sling.
The goblin shoots a sling bullet.
The sling bullet hits you. The goblin closely misses you.
The goblin attacks as you move away! The goblin misses you.
The goblin attacks as you move away! The goblin barely misses you.
The gnoll shouts!
The gnoll hits you with a +0 whip. The gnoll attacks as you move away!
The gnoll hits you with a +0 whip. The goblin attacks as you move away!
The goblin hits you with a +0 club.
The gnoll hits you from afar with a +0 spear.
The gnoll hits you with a +0 flail!
* * * LOW HITPOINT WARNING * * *
The gnoll attacks as you move away! The gnoll barely misses you.
The gnoll attacks as you move away! The gnoll barely misses you.
The goblin attacks as you move away! The goblin hits you but does no damage.
The gnoll hits you from afar with a +0 spear.
* * * LOW HITPOINT WARNING * * *
Okay, then.
Okay, then.
The gnoll attacks as you move away! The gnoll barely misses you.
The gnoll attacks as you move away! The gnoll hits you with a +0 whip.
You die...

.................................
#.#.#.#.#.#.#.#..............###.
.......................g.....#
.#.#.#.#.#.#.#..............##
...........................##
..#.#.#.#.#.#.......g......#
......†...........gg.......#
#................ggg......##
.................@gg.....##
##......#................#
##......#................##
###.....#....#########....##
.#####.##....# #.....#
.#...........# #.....#
.#......#....# #.....##
.............# #....g.##
##......#....# #...g...#


You could see 3 gnolls, a hobgoblin and 5 goblins.

Vanquished Creatures
  A jelly (D:3)
  2 adders
  A gnoll (D:2)
  A dart slug (D:3)
  8 endoplasms
  2 giant cockroaches (D:3)
  3 goblins (D:3)
  2 hobgoblins
  2 kobolds
  5 quokkas
  3 ball pythons
  4 bats
  4 frilled lizards
  3 rats
41 creatures vanquished.

Notes
Turn   | Place    | Note
-------+----------+-------------------------------------------
     0 | D:1      | zero the Gargoyle Earth Elementalist began the quest for
                  | the Orb.
     0 | D:1      | Reached XP level 1. HP: 10/10 MP: 3/3
   338 | D:1      | You fall into a shaft and drop 1 floor!
   413 | D:2      | Reached XP level 2. HP: 15/15 MP: 3/5
   746 | D:2      | Reached skill level 3 in Spellcasting
   900 | D:2      | Reached XP level 3. HP: 19/19 MP: 5/7
   907 | D:2      | Learned a level 3 spell: Stone Arrow
  1375 | D:3      | Noticed a necrophage
  1488 | D:3      | Reached XP level 4. HP: 24/24 MP: 7/9
  1589 | D:3      | Reached skill level 4 in Spellcasting
  1739 | D:3      | Found a faded altar of an unknown god.
  1834 | D:3      | HP: 1/24 [gnoll/+0 flail (9)]
  1838 | D:3      | Slain by a gnoll

Illustrated notes

Levels and vault maps discovered:
D:1:      lightli_iron_boxes, layout_basic, kennysheep_pointless_box
D:2:      layout_basic, minmay_crystal_room, minmay_split_cup_small
D:3:      layout_basic, grunt_nemelex_the_gamble,
          chequers_temple_overflow_minitemple, shapermc_ecumenical_altar_venn,
          hex_large, minmay_misc_feat_x, minmay_cut_off, uniq_robin

Skill      XL: |  1  2  3  4 |
---------------+-------------+-----
Spellcasting   | 3 4 |  4.4
Dodging        | |  1.5
Stealth        | |  2.1
Transmutations | |  0.7
Earth Magic    | |  3.6

Action                     |  1- 3 |  4- 6 || total
---------------------------+-------+-------++-------
  Melee: Mace              |     9 |     1 ||    10
   Cast: Sandblast         |    31 |    15 ||    46
         Stone Arrow       |     1 |       ||     1
 Armour: Robe              |     6 |     4 ||    10
  Dodge: Dodged            |    18 |    10 ||    28

Table legend: (Time is in decaauts)
 A = Elapsed time spent in this place.
 B = Non-inter-level travel time spent in this place.
 C = Inter-level travel time spent in this place.
 D = Time resting spent in this place.
 E = Time spent auto-exploring this place.
 F = Levels seen in this place.
 G = Mean time per level.
                   A        B        C        D        E       F      G
               +--------+--------+--------+--------+--------+-----+--------+
         Total |   1864 |   1751 |    113 |     80 |   1408 |   3 |  621.3 |
       Dungeon |   1864 |   1751 |    113 |     80 |   1408 |   3 |  621.3 |
               +--------+--------+--------+--------+--------+-----+--------+

Top non-repeatable levels by time:
     D:2: 1092 daAuts
     D:3: 431 daAuts
     D:1: 340 daAuts
